 Dungeon Crawl Stone Soup version 0.30-a0-743-gbfdf073431 (webtiles) character file.

Game seed: 6565059611397308025

2701 jimonade the Thaumaturge (level 9, -3/61 HPs)
             Began as a Djinni Hedge Wizard on Feb 6, 2023.
             Was an Initiate of Ashenzari.
             Slain by a wyvern (12 damage)
             ... on level 8 of the Dungeon.
             The game lasted 00:13:24 (5113 turns).

jimonade the Thaumaturge (Djinni Hedge Wizard)      Turns: 5113, Time: 00:13:25

Health: -3/61      AC:  6    Str: 13    XL:     9   Next: 97%
Gold:   350        EV: 12    Int: 16    God:    Ashenzari [......] SH:  0 Dex: 15

rFire   + + +      SeeInvis .    a - +3 trident "Anxiety of Ashenzari" {distort, Melee, Self} (curse)
rCold   x . .      Faith    .    (no shield)
rNeg    . . .      Spirit   .    A - +0 ring mail
rPois   ∞          Reflect  .    h - +1 hat
rElec   +          Harm     .    (no cloak)
rCorr   +          Rampage  .    (no gloves)
Will    +....                    (boots unavailable)
Stlth   +                        D - amulet of regeneration
HPRegen 1.10/turn                q - ring of protection from fire
MPRegen 0.00/turn                s - ring of Balance {rElec Will+ rCorr Dex+2}

@: flying
A: sickness immunity, fire resistance 2, cold vulnerability 1, float, innate
caster, HP casting, extra vitality 1
a: Renounce Religion, Shatter the Chains


You were on level 8 of the Dungeon.
You worshipped Ashenzari.
Ashenzari was noncommittal.
You visited 2 branches of the dungeon, and saw 8 of its levels.

You collected 350 gold pieces.

Inventory:

Hand Weapons
 a - the cursed +3 trident "Anxiety of Ashenzari" (weapon) {distort, Melee, Self}
   (You found it on level 4 of the Dungeon)

   It has a curse which improves the following skills: Melee Combat: Short
   Blades, Long Blades, Axes, Maces & Flails, Polearms, Staves and Unarmed
   Combat.
   Introspection: Fighting and Spellcasting.
Missiles
 w - a boomerang
 y - a throwing net
Armour
 b - a +0 robe
 c - a +0 hat
 h - a +1 hat (worn)
 A - a +0 ring mail (worn)
 B - a +0 leather armour
Jewellery
 q - a ring of protection from fire (left hand)
 s - the ring of Balance (right hand) {rElec Will+ rCorr Dex+2}
   (You found it on level 4 of the Dungeon)

   [ring of resist corrosion]

   Dex:       It affects your dexterity (+2).
   rElec:     It insulates you from electricity.
   rCorr:     It protects you from acid and corrosion.
   Will:      It increases your willpower.
 D - an amulet of regeneration (around neck)
Scrolls
 g - a scroll of acquirement {unknown}
 i - 2 scrolls of enchant armour {unknown}
 j - 2 scrolls of torment {unknown}
 l - 4 scrolls of teleportation {unknown}
 m - 9 scrolls of identify {unknown}
 o - a scroll of magic mapping {unknown}
 p - a scroll of enchant weapon {unknown}
 u - a scroll of fog {unknown}
 E - a scroll of fear {unknown}
Potions
 d - a potion of magic
 e - 2 potions of might {unknown}
 f - 2 potions of heal wounds {unknown}
 k - a potion of curing
 n - a potion of attraction {unknown}
 r - 3 potions of flight {unknown}
 t - a potion of lignification {unknown}
 v - 2 potions of brilliance {unknown}
 x - a potion of degeneration {unknown}
 z - a potion of invisibility {unknown}
 C - a potion of mutation {unknown}


   Skills:
 + Level 2.9(3.3) Fighting
 - Level 0.2 Short Blades
 + Level 4.6(5.0) Polearms
 + Level 3.0 Armour
 + Level 4.2 Dodging
 - Level 1.5 Stealth
 * Level 8.1(8.6) Spellcasting


You had 7 spell levels left.
You knew the following spells:

 Your Spells              Type           Power      Damage    Failure   Level
a - Magic Dart            Conj           100%       1d8       1%          1
b - Slow                  Hex            100%       N/A       1%          1
c - Blink                 Tloc           68%        N/A       1%          2
d - Call Imp              Summ           34%        N/A       1%          2
e - Mephitic Cloud        Conj/Pois/Air  34%        N/A       1%          3
f - Apportation           Tloc           68%        N/A       1%          1
g - Passwall              Tmut/Erth      28%        N/A       1%          2
h - Momentum Strike       Conj/Tloc      68%        3d9       1%          2
i - Dispel Undead         Necr           34%        3d15      6%          4
Your spell library was empty.

Dungeon Overview and Level Annotations

Branches:
Dungeon (8/15)             Temple (1/1) D:6
   Lair: D:8-11

Altars:
Ashenzari
Cheibriados
Dithmenos
Elyvilon
Fedhas
Gozag
Makhleb
Okawaru
Qazlal
Ru
Trog
Uskayaw
Wu Jian
Xom
Yredelemnul

Shops:
D:6 =

Annotations:
D:7 exclusion: 2 electric eels


Innate Abilities, Weirdness & Mutations

You are immune to sickness and miasma.
You are immune to poison.
Your flesh is very heat resistant. (rF++)
You are vulnerable to cold. (rC-)
You float through the air rather than walking.
You learn spells naturally, not from books.
Your magical power is your life essence.
You have superior vitality. (+4 MHP)


Message History

There is a stone staircase leading up here.
You fly upwards.
Level annotation: exclusion: 2 electric eels
There is a stone staircase leading down here.
You start resting.
HP restored.
You fly downwards.
The yak gores you.
The wyvern bites you but does no damage.
The yak gores you.
There is a stone staircase leading up here.
Casting: Call Imp (safe; 1% risk of failure)
Confirm with . or Enter, or press ? or * to list all spells.
A beastly little devil appears in a puff of flame.
The wyvern bites you. The wyvern bites you! The yak gores you.
You closely miss the wyvern.
The wyvern is moderately wounded.
The wyvern closely misses you. The yak gores you!
Your crimson imp closely misses the wyvern.
You hit the wyvern.
Space warps around the wyvern.
The wyvern is heavily wounded.
The wyvern barely misses you. The wyvern bites you. The yak gores you!
* * * LOW HITPOINT WARNING * * *
Your crimson imp blinks!
You closely miss the wyvern.
The wyvern is heavily wounded.
The wyvern bites you.
* * * LOW HITPOINT WARNING * * *
The yak closely misses you.
You completely miss the wyvern.
The wyvern is heavily wounded.
The wyvern bites you.
* * * LOW HITPOINT WARNING * * *
The wyvern misses you. The yak gores you but does no damage.
You closely miss the wyvern.
The wyvern is heavily wounded.
The wyvern bites you but does no damage.
The yak misses you.
Your crimson imp blinks!
The wyvern bites you!
You die...

#.# #.# #.# #.#
#<# ....P #.#
..YP ####Y# ...
#.§l@# #.S
#.#.### .. #.
##.## .# . ..
###.####.##..P.
##
#...YY.l..Y>.P.
#.#.#l.....###.
.._....Y....>...
###.#>#.#########
#..#.#.#


You could see a yak and a wyvern.

Vanquished Creatures
  3 water moccasins
  An acid dragon (D:6)
  A sky beast (D:7)
  3 black bears
  2 ogres (D:6)
  2 centaurs
  A bullfrog (D:7)
  3 scorpions
  2 wights (D:6)
  3 killer bees (D:7)
  2 hounds
  A gnoll bouda (D:5)
  2 iguanas (D:6)
  4 gnolls (D:5)
  3 adders
  A white imp (D:6)
  An ufetubus (D:4)
  21 orcs
  3 ball pythons
  2 endoplasms (D:1)
  A giant cockroach (D:1)
  5 goblins
  2 hobgoblins
  4 jackals (D:1)
  A quokka (D:1)
  3 bats (D:1)
  A frilled lizard (D:1)
  4 kobolds (D:1)
  5 rats
87 creatures vanquished.

Vanquished Creatures (collateral kills)
  A black bear (D:4)
  An ogre (D:5)
  2 wights (D:6)
  2 jellies
  2 hounds (D:6)
  2 iguanas
  2 orcs
  2 ball pythons
  2 goblins (D:2)
  2 hobgoblins
  2 jackals (D:1)
  2 kobolds
22 creatures vanquished.

Vanquished Creatures (others)
  A butterfly (D:5)
  A fungus (D:8)
  9 plants
11 creatures vanquished.

Grand Total: 120 creatures vanquished

Notes
Turn   | Place    | Note
-------+----------+-------------------------------------------
     0 | D:1      | jimonade the Djinni Hedge Wizard began the quest for the
                  | Orb.
     0 | D:1      | jimonade set off with the following spells memorised: Magic
                  | Dart, Slow, Blink, Call Imp, Mephitic Cloud.
     0 | D:1      | Reached XP level 1. HP: 15/15 MP: 0/0
    84 | D:1      | Reached XP level 2. HP: 17/21 MP: 0/0
   730 | D:1      | Reached skill level 3 in Spellcasting
   898 | D:1      | Reached XP level 3. HP: 21/25 MP: 0/0
   898 | D:1      | Learned a level 1 spell: Apportation
  1035 | D:1      | Found a faded altar of an unknown god.
  1328 | D:2      | Reached XP level 4. HP: 29/31 MP: 0/0
  1399 | D:2      | You are sucked into a shaft and drop 2 floors!
  1410 | D:4      | Noticed a black bear
  1430 | D:4      | Killed a black bear
  1431 | D:4      | Reached skill level 4 in Spellcasting
  1431 | D:4      | Reached XP level 5. HP: 17/36 MP: 0/0
  1431 | D:4      | Learned a level 2 spell: Passwall
  1538 | D:4      | Noticed a black bear
  1580 | D:4      | Killed a black bear
  1581 | D:4      | Reached XP level 6. HP: 38/41 MP: 0/0
  1612 | D:4      | Reached skill level 5 in Spellcasting
  1737 | D:4      | Identified the ring of Balance {rElec Will+ rCorr Dex+2}
  1932 | D:4      | Noticed a black bear
  1946 | D:4      | Killed a black bear
  1947 | D:4      | Reached XP level 7. HP: 34/46 MP: 0/0
  1947 | D:4      | Learned a level 2 spell: Momentum Strike
  1995 | D:4      | Reached skill level 1 in Fighting
  2337 | D:5      | Entered Level 5 of the Dungeon
  2435 | D:5      | Reached skill level 6 in Spellcasting
  2469 | D:5      | Found an opulent altar of Gozag.
  2711 | D:5      | Reached skill level 1 in Polearms
  2921 | D:5      | Found a white marble altar of Elyvilon.
  2958 | D:5      | Reached XP level 8. HP: 47/52 MP: 0/0
  3460 | D:6      | Reached skill level 7 in Spellcasting
  3591 | D:6      | Reached XP level 9. HP: 41/58 MP: 0/0
  3591 | D:6      | Learned a level 4 spell: Dispel Undead
  3891 | D:6      | Reached skill level 1 in Armour
  3909 | D:6      | Found Myedups's Jewellery Shop.
  4081 | D:6      | Found a staircase to the Ecumenical Temple.
  4090 | Temple   | Entered the Ecumenical Temple
  4212 | Temple   | Became a worshipper of Ashenzari the Shackled
  4723 | D:7      | Reached skill level 8 in Spellcasting
  5066 | D:8      | Found a burning altar of Makhleb.
  5113 | D:8      | Slain by a wyvern

Illustrated notes

Levels and vault maps discovered:
D:1:      lemuel_arrival_rhombus, layout_basic,
          hellmonk_ecumenical_altar_dog_temple
D:2:      layout_loops_corners, kennysheep_generic_room_13
D:4:      layout_gridville, serial_bayou_lake_a
D:5:      layout_basic, mainiacjoe_overflow_surrounded_room,
          nicolae_elyvilon_peaceful_grove
D:6:      layout_cave_pools, minmay_temple_entry_water_ring,
          serial_column_ruins, column_ruins_hut_ruined,
          column_ruins_square_small, column_ruins_open_tiny,
          column_ruins_grid_1, column_ruins_open_small, column_ruins_grid_2,
          serial_shops, shop, grunt_decor_resistance
D:7:      layout_loops_ring, nicolae_lava_and_water,
          minmay_misc_feat_secret_circle
D:8:      layout_loops_ring, lemuel_crystal_altar, led_sif_pool,
          minmay_lair_entry_grove, serial_shops, shop
Temple:   jpeg_temple_clearing

Skill      XL: |  1  2  3  4  5  6  7  8  9 |
---------------+----------------------------+-----
Spellcasting   | 3 4 5 6 7 8 |  8.1
Fighting       | 1 2 |  2.9
Dodging        | 3 4 |  4.2
Polearms       | 1 3 4 |  4.6
Armour         | 3 |  3.0
Short Blades   | |  0.2
Stealth        | |  1.5

Action                     |  1- 3 |  4- 6 |  7- 9 || total
---------------------------+-------+-------+-------++-------
  Melee: Dagger            |     4 |    10 |       ||    14
         Trident           |       |    17 |   174 ||   191
         Punch             |       |       |     1 ||     1
   Cast: Magic Dart        |    80 |     8 |    11 ||    99
         Call Imp          |     5 |     6 |    39 ||    50
         Mephitic Cloud    |       |     5 |    18 ||    23
         Slow              |       |       |     4 ||     4
 Invoke: Curse Item        |       |       |     1 ||     1
   Stab: Distracted        |       |     1 |       ||     1
         Confused          |       |     1 |     7 ||     8
 Armour: Robe              |     9 |     7 |     4 ||    20
         Ring mail         |       |       |    57 ||    57
  Dodge: Dodged            |    20 |     9 |   123 ||   152

Table legend: (Time is in decaauts)
 A = Elapsed time spent in this place.
 B = Non-inter-level travel time spent in this place.
 C = Inter-level travel time spent in this place.
 D = Time resting spent in this place.
 E = Time spent auto-exploring this place.
 F = Levels seen in this place.
 G = Mean time per level.
                   A        B        C        D        E       F      G
               +--------+--------+--------+--------+--------+-----+--------+
         Total |   5146 |   4910 |    236 |    467 |   3415 |   8 |  643.2 |
       Dungeon |   5009 |   4813 |    196 |    467 |   3332 |   7 |  715.6 |
        Temple |    137 |     97 |     40 |      0 |     83 |   1 |  137.0 |
               +--------+--------+--------+--------+--------+-----+--------+

Top non-repeatable levels by time:
     D:5: 1168 daAuts
     D:1: 1110 daAuts
     D:4: 943 daAuts
     D:6: 776 daAuts
     D:7: 678 daAuts
     D:2: 288 daAuts
  Temple: 137 daAuts
     D:8: 43 daAuts
